 Dungeon Crawl Stone Soup version coffee-0.2.0 (webtiles) character file.

Game seed: 10145339602223555005, levelgen mode: deterministic

87 Dorkslayer the Skirmisher (level 4, 0/49 HPs)
             Began as an Ogre Fighter on Oct 29, 2020.
             Slain by an orc wizard
             ... wielding a +2 dagger of venom
              (5 damage)
             ... on level 3 of the Dungeon on Oct 30, 2020.
             The game lasted 00:07:01 (2329 turns).

Dorkslayer the Skirmisher (Ogre Fighter)            Turns: 2329, Time: 00:07:02

Health: 0/49       AC:  3    Str: 21    XL:     4   Next: 51%
Magic:  4/4        EV: 11    Int:  9    God:
Gold:   140        SH:  0    Dex:  8    Spells: 3/3 levels left

rFire    . . .     SeeInvis .   e - +1 executioner's axe
rCold    . . .     Gourm    .   (shield currently unavailable)
rNeg     . . .     Faith    .   b - +0 robe
rPois    .         Spirit   .   (helmet restricted)
rElec    .         Reflect  .   (no cloak)
rCorr    .         Harm     .   (gloves unavailable)
MR       .....                  (boots unavailable)
Stlth    ++........             (no amulet)
HPRegen  0.16/turn              (no ring)
MPRegen  0.09/turn              (no ring)

@: mighty, lethally poisoned (0 -> -25)
A: large, unfitting armour, tough skin 1
a: no special abilities


You were on level 3 of the Dungeon.
You were not hungry.

You visited 2 branches of the dungeon, and saw 4 of its levels.

You collected 140 gold pieces.

Inventory:

Hand Weapons
 a - a +0 war axe
 e - a +1 executioner's axe (weapon)
Armour
 b - a +0 robe (worn)
 c - a +0 kite shield
Scrolls
 g - 2 scrolls of amnesia
 h - 6 scrolls of remove curse
 j - a scroll of silence
Potions
 i - a potion of magic
 l - a potion of ambrosia
 m - a potion of brilliance
Comestibles
 f - 5 rations
 k - 5 chunks of flesh


   Skills:
 + Level 4.5(6.3) Fighting
 + Level 3.4 Axes
 + Level 3.1(4.3) Dodging
 + Level 0.7(3.2) Stealth
 + Level 2.8(4.2) Shields


You had 3 spell levels left.
You didn't know any spells.
Your spell library contained the following spells:

 Spells                   Type           Power        Failure   Level  Hunger
 Animate Skeleton         Necr           N/A          26%         1    #......
 Apportation              Tloc           #.....       26%         1    #......
 Corona                   Hex            #......      26%         1    #......
 Magic Dart               Conj           #...         26%         1    #......
 Summon Small Mammal      Summ           #...         26%         1    #......
 Blink                    Tloc           N/A          38%         2    ###....
 Call Imp                 Summ           #.......     38%         2    ###....
 Slow                     Hex            #.......     38%         2    ###....
 Conjure Flame            Conj/Fire      #.......     50%         3    ###....
 Mephitic Cloud           Conj/Pois/Air  #.......     63%         3    ###....


Dungeon Overview and Level Annotations

Branches:
Dungeon (3/10)             Temple (1/1) D:2

Altars:
Gozag
Hepliaklqana
Kikubaaqudgha
Nemelex Xobeh
Ru
Sif Muna
Trog
Uskayaw
Wu Jian
Yredelemnul


Innate Abilities, Weirdness & Mutations

You are too large for most types of armour.
You have tough skin. (AC +1)


Message History

You kill the orc!
You miss something.
You feel sick. Something hits you.
You are more poisoned.
Something hits you.
You are more poisoned.
Something hits you.
You feel sick. Something hits you.
You are more poisoned.
You see here a +0 leather armour.
You feel very mighty all of a sudden.
* * * LOW HITPOINT WARNING * * *
You feel sick. Something hits you but does no damage.
You are more poisoned.
Something hits you.
* * * LOW HITPOINT WARNING * * *
You closely miss something.
* * * LOW HITPOINT WARNING * * *
You feel very sick. Something hits you.
You die...

#...........# #.
#.....>.....# #.#
#...........# #.#
#'# #.# #.# #.#
#.# #.# #)#
###.############)#
................@#
###.##############
...รท..# ###.#.#
....#.# #####.#
......# #######


There were no monsters in sight!

Vanquished Creatures
  2 adders (D:2)
  A worm (D:2)
  4 dart slugs
  4 orcs (D:3)
  A ball python (D:1)
  2 hobgoblins
  10 jackals
  3 quokkas
  7 bats
  2 frilled lizards
  5 goblins
  4 kobolds
  8 rats
53 creatures vanquished.

Notes
Turn   | Place    | Note
-------+----------+-------------------------------------------
     0 | D:1      | Dorkslayer the Ogre Fighter began the quest for the Orb.
     0 | D:1      | Reached XP level 1. HP: 24/24 MP: 1/1
   382 | D:1      | Reached XP level 2. HP: 24/32 MP: 2/2
   909 | D:2      | Reached XP level 3. HP: 40/40 MP: 3/3
  1747 | D:2      | Reached XP level 4. HP: 48/49 MP: 4/4
  1773 | D:2      | Found a staircase to the Ecumenical Temple.
  1783 | Temple   | Entered the Ecumenical Temple
  2329 | D:3      | Slain by an orc wizard

Levels and vault maps discovered:
D:1:      psy_arrival_radial02, layout_loops_ring, kennysheep_small_spiral,
          st_stairs_9
D:2:      layout_loops_ring, minmay_temple_entry_hall
D:3:      layout_basic, gammafunk_temple_overflow_statue
Temple:   compressed_dpeg_circular_temple

Skill      XL: |  1  2  3  4 |
---------------+-------------+-----
Axes           | 3 |  3.4
Dodging        | 3 |  3.1
Fighting       | |  4.5
Stealth        | |  0.7
Shields        | |  2.8

Action                   |  1- 3 |  4- 6 || total
-------------------------+-------+-------++-------
Melee: Executioner's axe |    89 |    58 ||   147
       War axe           |     3 |       ||     3
  Use: Scroll            |     1 |       ||     1
       Potion            |       |     1 ||     1
 Stab: Sleeping          |     8 |       ||     8
  Eat: Chunk             |     2 |       ||     2
       Ration            |     1 |       ||     1
Armor: Robe              |    50 |    28 ||    78
Dodge: Dodged            |    91 |    65 ||   156
Block: Kite shield       |     1 |       ||     1
